 Dungeon Crawl Stone Soup version 0.29.1-2-gbd0b4ee654 (webtiles) character file.

Game seed: 29825274758371216

3523 sanboga the Grappler (level 9, -3/73 HPs)
             Began as a Demonspawn Berserker on Nov 29, 2022.
             Was a Priest of Trog.
             Slain by a yak (8 damage)
             ... on level 7 of the Dungeon.
             The game lasted 00:07:22 (8191 turns).

sanboga the Grappler (Demonspawn Berserker)         Turns: 8191, Time: 00:07:22

Health: -3/73      AC: 16    Str: 21    XL:     9   Next: 81%
Magic:  9/9        EV:  8    Int:  8    God:    Trog [***...]
Gold:   347        SH:  4    Dex: 17    Spells: 8/8 levels left

rFire   . . .      SeeInvis +     - Unarmed
rCold   . . .      Faith    .   (no shield)
rNeg    . . .      Spirit   .   g - +0 chain mail
rPois   +          Reflect  .   (helmet restricted)
rElec   .          Harm     .   h - +0 cloak
rCorr   .          Rampage  .   r - +0 pair of gloves {Dex+3}
Will    .....                   (no boots)
Stlth   ..........              x - amulet of the acrobat
HPRegen 0.22/turn               j - ring of see invisible
MPRegen 0.11/turn               p - ring of poison resistance

@: on berserk cooldown, slowed, very slow
A: horns 1, yellow scales 2, condensation shield
a: Renounce Religion, Berserk, Trog's Hand


You were on level 7 of the Dungeon.
You worshipped Trog.
Trog was most pleased with you.
You visited 1 branch of the dungeon, and saw 7 of its levels.

You collected 347 gold pieces.

Inventory:

Missiles
 m - 5 throwing nets (quivered)
Armour
 g - a +0 chain mail (worn)
 h - a +0 cloak (worn)
 r - a +0 pair of gloves of dexterity (worn)
Jewellery
 j - a ring of see invisible (left hand)
 n - a ring of protection from fire
 p - a ring of poison resistance (right hand)
 x - an amulet of the acrobat (around neck)
Wands
 w - a wand of acid (4)
 z - a wand of flame (25)
Scrolls
 a - a scroll of magic mapping
 c - a scroll of torment {unknown}
 f - a scroll of vulnerability
 l - 2 scrolls of enchant weapon
 s - 2 scrolls of blinking
 y - a scroll of brand weapon {unknown}
Potions
 b - 3 potions of mutation
 d - 4 potions of heal wounds
 e - a potion of cancellation {unknown}
 i - a potion of berserk rage
 k - 2 potions of attraction {unknown}
 o - 4 potions of curing {unknown}
 q - a potion of ambrosia {unknown}
 t - 3 potions of might {unknown}
 u - 2 potions of degeneration {unknown}
 v - a potion of invisibility {unknown}


   Skills:
 + Level 7.7 Fighting
 + Level 6.6 Armour
 - Level 1.7 Dodging
 * Level 9.6 Unarmed Combat


You had 8 spell levels left.
You didn't know any spells.
Your spell library was empty.

Dungeon Overview and Level Annotations

Branches:
Dungeon (7/15)             Temple (0/1) D:7

Altars:
Cheibriados
Dithmenos
Fedhas
Kikubaaqudgha
Uskayaw


Innate Abilities, Weirdness & Mutations

You have a pair of small horns on your head.
You are mostly covered in yellow scales. (AC +3)
A meltable shield of frost defends you. (SH +4)


Message History

You are exhausted.
You feel yourself slow down.
You hit the yak.
The yak is lightly wounded.
The yak gores you!
The yak closely misses you. x2; The yak gores you.
The yak gores you but does no damage. The yak gores you.
You punch the yak!
The yak is moderately wounded.
The yak closely misses you. x3
You hit the yak but do no damage.
The yak is moderately wounded.
The yak closely misses you. The yak gores you!
The yak gores you but does no damage.
You are too injured to fight recklessly!
You are too injured to fight recklessly!
You are too injured to fight recklessly!
You are too injured to fight recklessly!
You are too injured to fight recklessly!
You are too injured to fight recklessly!
You are too injured to fight recklessly!
You barely miss the yak. You headbutt the yak, but do no damage.
The yak is moderately wounded.
You block the yak's attack. The yak gores you. x2
* * * LOW HITPOINT WARNING * * *
You hit the yak.
The yak is heavily wounded.
The yak gores you but does no damage. x2; The yak gores you!
* * * LOW HITPOINT WARNING * * *
The yak completely misses you. The yak gores you but does no damage.
The yak gores you.
* * * LOW HITPOINT WARNING * * *
You closely miss the yak. You headbutt the yak.
The yak is severely wounded.
The yak gores you but does no damage. The yak barely misses you.
The yak gores you but does no damage.
You hit the yak but do no damage. You headbutt the yak, but do no damage.
The yak is severely wounded.
The yak barely misses you. The yak gores you but does no damage.
The yak gores you!
You die...

#####
#.....†............
#..................
#..................
#..................
#........[.###.###
#######.#..# .#
.......?.# #
#.#.#....##
......†@Y#
#.##.###YY# #....
.W... ... ...####
#... ..... ...
...... .......
.........


You could see 3 yaks and a phantom.

Vanquished Creatures
  Pikel (D:5)
  A komodo dragon (D:7)
  3 yaks (D:7)
  A steam dragon (D:6)
  A water moccasin (D:7)
  Duvessa (D:5)
  2 sky beasts (D:6)
  2 ice beasts
  An ogre (D:4)
  A lemure (D:5)
  A centaur (D:6)
  2 phantoms (D:5)
  A kobold brigand (D:6)
  A bullfrog (D:7)
  A gnoll sergeant (D:6)
  4 scorpions
  Dowan (D:5)
  An orc priest (D:6)
  6 hounds
  2 gnoll boudas (D:5)
  An orc wizard (D:6)
  7 iguanas
  20 gnolls
  12 adders
  A white imp (D:5)
  2 ufetubi
  3 dart slugs
  6 orcs
  7 endoplasms
  7 giant cockroaches
  7 goblins
  11 hobgoblins
  6 jackals (D:1)
  9 kobolds
  2 quokkas
  2 training dummies (D:5)
  5 ball pythons
  4 bats
  10 frilled lizards
  6 rats
162 creatures vanquished.

Vanquished Creatures (others)
  5 plants
5 creatures vanquished.

Grand Total: 167 creatures vanquished

Notes
Turn   | Place    | Note
-------+----------+-------------------------------------------
     0 | D:1      | sanboga the Demonspawn Berserker began the quest for the
                  | Orb.
     0 | D:1      | Reached XP level 1. HP: 18/18 MP: 1/1
   218 | D:1      | Reached skill level 3 in Unarmed Combat
   518 | D:1      | Gained mutation: A meltable shield of frost defends you.
                  | (SH +4) [demonic ancestry]
   518 | D:1      | Reached XP level 2. HP: 19/24 MP: 2/2
  1651 | D:2      | Reached XP level 3. HP: 28/29 MP: 3/3
  2050 | D:2      | Reached ** piety under Trog
  2667 | D:2      | Reached XP level 4. HP: 30/35 MP: 4/4
  3058 | D:3      | Found a shadowy altar of Dithmenos.
  3061 | D:3      | Found a hide-covered altar of Uskayaw.
  3348 | D:3      | Found a blossoming altar of Fedhas.
  3386 | D:3      | Found an ancient bone altar of Kikubaaqudgha.
  3386 | D:3      | Found a snail-covered altar of Cheibriados.
  3425 | D:3      | Reached skill level 4 in Unarmed Combat
  3599 | D:4      | Gained mutation: You are partially covered in yellow
                  | scales. (AC +2) [demonic ancestry]
  3599 | D:4      | Reached XP level 5. HP: 38/42 MP: 5/5
  4143 | D:4      | Noticed an ogre
  4150 | D:4      | Killed an ogre
  4151 | D:4      | Gained mutation: You have a pair of small horns on your
                  | head. [demonic ancestry]
  4151 | D:4      | Reached XP level 6. HP: 49/49 MP: 6/6
  4222 | D:4      | Reached skill level 5 in Unarmed Combat
  4398 | D:4      | Noticed an ice beast
  4406 | D:4      | Killed an ice beast
  5142 | D:5      | Entered Level 5 of the Dungeon
  5150 | D:5      | Reached XP level 7. HP: 55/55 MP: 7/7
  5346 | D:5      | Reached skill level 5 in Fighting
  5486 | D:5      | Noticed Pikel
  5513 | D:5      | Killed Pikel
  5514 | D:5      | Reached skill level 6 in Unarmed Combat
  5514 | D:5      | Reached XP level 8. HP: 63/63 MP: 8/8
  5588 | D:5      | Reached skill level 7 in Unarmed Combat
  5852 | D:5      | Reached *** piety under Trog
  5943 | D:5      | Reached skill level 5 in Armour
  6761 | D:5      | Noticed Duvessa
  6761 | D:5      | Noticed Dowan
  6770 | D:5      | Killed Duvessa
  6772 | D:5      | Killed Dowan
  6859 | D:5      | Identified a scroll of acquirement
  6861 | D:5      | Acquired a +0 pair of gloves of dexterity
  6963 | D:6      | Reached skill level 8 in Unarmed Combat
  7048 | D:6      | Gained mutation: You are mostly covered in yellow scales.
                  | (AC +3) [demonic ancestry]
  7048 | D:6      | Reached XP level 9. HP: 67/71 MP: 9/9
  7974 | D:7      | Noticed a komodo dragon
  7984 | D:7      | Killed a komodo dragon
  7985 | D:7      | Reached skill level 9 in Unarmed Combat
  8075 | D:7      | Found a staircase to the Ecumenical Temple.
  8191 | D:7      | Slain by a yak

Illustrated notes

Levels and vault maps discovered:
D:1:      minmay_arrival_five_plusses, layout_basic, minivault_19,
          reono_crystal_passage
D:2:      cheibrodos_greedy_goblins, layout_loops_cross
D:3:      layout_loops_ring, jmf_multi_god_temple, fedhas_altar_2,
          grunt_temple_overflow_open, serial_bayou_pond_a
D:4:      layout_loops_ring, tso_metal_star, eino_tiny_chamber,
          hangedman_decor_opposing, minmay_quadrilaterals
D:5:      dreamdust_elfheim, layout_loops_corners, minmay_lizard_king,
          uniq_pikel
D:6:      layout_basic
D:7:      layout_basic, minmay_temple_entry_statues_pillars

Skill      XL: |  1  2  3  4  5  6  7  8  9 |
---------------+----------------------------+-----
Armour         | 2 3 4 5 6 |  6.6
Unarmed Combat | 3 4 5 6 8 9 |  9.6
Fighting       | 4 5 6 7 |  7.7
Dodging        | |  1.7

Action                   |  1- 3 |  4- 6 |  7- 9 || total
-------------------------+-------+-------+-------++-------
Melee: Unarmed           |   169 |   188 |   320 ||   677
       Punch             |     4 |     4 |    10 ||    18
       Headbutt          |       |    15 |    60 ||    75
Invok: Berserk           |       |     4 |     6 ||    10
  Use: Scroll            |       |     7 |     9 ||    16
Armor: Animal skin       |    28 |       |       ||    28
       Chain mail        |    49 |    71 |   154 ||   274
Dodge: Dodged            |   134 |    60 |   120 ||   314
Block: Other             |    23 |    31 |    45 ||    99
